 Dungeon Crawl Stone Soup version 0.30.0-29-ga12c61a403 (webtiles) character file.

Game seed: 9422272143507046961

4831 Sabo the Cleaver (level 10, 0/79 HPs)
             Began as a Demonspawn Berserker on June 4, 2023.
             Was an Elder of Trog.
             Slain by a spriggan
             ... wielding the +11 trident of the Shore {freeze, Stlth+}
              (6 damage)
             ... on level 8 of the Dungeon.
             The game lasted 00:41:54 (10307 turns).

Sabo the Cleaver (Demonspawn Berserker)            Turns: 10307, Time: 00:41:57

Health: 0/79       AC: 21    Str: 21    XL:     10   Next: 25%
Magic:  10/10      EV: 10    Int:  8    God:    Trog [****..]
Gold:   651        SH:  0    Dex: 14    Spells: 9/9 levels left

rFire   + . .        m - +0 war axe
rCold   . . .        (no shield)
rNeg    . . .        o - +2 chain mail {rF+}
rPois   .            (no helmet)
rElec   .            n - +0 cloak
rCorr   .            r - +0 pair of gloves
SInv    .            (no boots)
Will    +....        (no amulet) Stlth
                     s - ring of willpower
HPRegen 0.33/turn    (no ring)
MPRegen 0.12/turn

%: no passive effects
@: sanguine armoured, on berserk cooldown, slowed, very slow
A: foul stench 1, sanguine armour 1, weakness stinger 1
a: Renounce Religion, Berserk, Trog's Hand, Brothers in Arms


You were on level 8 of the Dungeon.
You worshipped Trog.
Trog was greatly pleased with you.
You visited 1 branch of the dungeon, and saw 8 of its levels.

You collected 651 gold pieces.

Inventory:

Hand Weapons
 e - a +0 sling
 j - a +2 scimitar of flaming
 m - a +0 war axe (weapon)
 t - a +3 scimitar
 v - a +3 short sword
Missiles
 a - 7 poisoned darts (quivered)
 h - 2 datura-tipped darts
 C - 2 javelins
Armour
 n - a +0 cloak (worn)
 o - a +2 chain mail of fire resistance (worn)
 q - a +0 chain mail of willpower
 r - a +0 pair of gloves (worn)
Jewellery
 s - a ring of willpower (left hand)
 w - a ring of fire
Wands
 u - a wand of charming (7)
Scrolls
 b - 2 scrolls of fear
 c - 9 scrolls of teleportation
 d - 3 scrolls of fog
 g - a scroll of summoning
 y - a scroll of silence {unknown}
Potions
 f - 2 potions of heal wounds
 i - 5 potions of curing
 k - a potion of berserk rage {unknown}
 l - a potion of lignification
 p - 2 potions of mutation {unknown}
 x - a potion of resistance
 z - a potion of ambrosia {unknown}
 A - a potion of might {unknown}
 B - a potion of haste


   Skills:
 + Level 7.3 Fighting
 + Level 9.6 Axes
 + Level 0.4 Throwing
 + Level 7.7 Armour
 + Level 3.8 Dodging
 + Level 1.5 Stealth


You had 9 spell levels left.
You didn't know any spells.
Your spell library was empty.

Dungeon Overview and Level Annotations

Branches:
Dungeon (8/15)             Temple (0/1) D:6
   Lair: D:8-11

Altars:
Ashenzari
Dithmenos
Hepliaklqana
Ru
Sif Muna
Vehumet
Xom
Yredelemnul


Innate Abilities, Weirdness & Mutations

You may rarely emit foul miasma when damaged in melee.
When seriously injured, your blood forms armour. (AC +6)
You have a small tail.


Message History

* * * LOW HITPOINT WARNING * * *
Mkat's ghost barely misses you.
You slice mkat's ghost!!
Mkat's ghost is almost destroyed.
You feel sick.
The spriggan hits you but does no damage.
Mkat's ghost closely misses you.
You hit mkat's ghost.
Mkat's ghost is almost destroyed.
You feel sick.
You closely miss mkat's ghost.
Mkat's ghost is almost destroyed.
You feel sick. The spriggan misses you.
Mkat's ghost hits you but does no damage.
You are more poisoned.
You closely miss mkat's ghost. You tail-slap mkat's ghost.
You destroy mkat's ghost!
Trog accepts your kill.
Trog appreciates your killing of a magic user.
The quokka disappears in a puff of smoke!
You are no longer berserk.
You are exhausted.
You feel yourself slow down.
* * * LOW HITPOINT WARNING * * *
You feel sick. The spriggan barely misses you.
You feel much better.
You feel very sick.
The spriggan hits you from afar with the +11 trident of the Shore {freeze, Stlth+}!
* * * LOW HITPOINT WARNING * * *
The spriggan freezes you.
* * * LOW HITPOINT WARNING * * *
The polar bear bites you but does no damage.
The polar bear claws you but does no damage. x2
You feel better. The spriggan closely misses you.
The polar bear closely misses you.
The polar bear claws you but does no damage. x2
The spriggan hits you from afar with the +11 trident of the Shore {freeze, Stlth+}!
* * * LOW HITPOINT WARNING * * *
The spriggan freezes you.
You die...

#.############........#.##....#
#...........##........#.##....#
#.##..#.........#######.##....###
..............................'..
#.#..<....#..............#....###
#.#.#.....#....########.##....#
......................#.##....#
....###.......i###..........(.#
##..###...(..§.h@.########.##.#
#...####8...8##### #.##.#
###..#♣?###'###.♣ #.##.#
#....#♣♣.♣.♣♣.♣.♣ #.##.# #....#
♣...♣♣..♣♣ #.##.#
#....##♣♣♣r!♣..♣ #.##.# #.....#
.♣ r..♣ #.##.# #.....# .
♣.♣♣##### #.##.### ##'#### ♣♣
##...######.#.....


You could see a polar bear and a spriggan.

Vanquished Creatures
  Erica (D:8)
  The ghost of mkat the Summoner, a novice OpSu of Makhleb (D:8)
  A spriggan (D:8)
  3 yaks (D:8)
  The ghost of Runnerthe2 the Chopper, an amateur HORe (D:4)
  2 water moccasins
  2 sky beasts (D:8)
  2 orc warriors
  2 ice beasts (D:4)
  3 black bears
  2 ogres
  4 bullfrogs
  3 scorpions
  3 wights (D:6)
  A howler monkey (D:7)
  9 hounds
  3 orc priests
  4 jellies
  2 sleepcaps
  7 iguanas
  Terence (D:2)
  5 orc wizards
  Natasha (D:2)
  A centaur simulacrum (D:4)
  2 scorpion simulacra (D:4)
  5 gnolls
  7 adders
  2 hound simulacra (D:4)
  2 worms
  2 dart slugs
  27 orcs
  5 bats
  11 endoplasms
  3 giant cockroaches
  7 hobgoblins
  7 jackals
  4 quokkas
  7 ball pythons
  2 frilled lizards
  14 goblins
  13 kobolds
  2 rats
186 creatures vanquished.

Notes
Turn   | Place    | Note
-------+----------+-------------------------------------------
     0 | D:1      | Sabo the Demonspawn Berserker began the quest for the Orb.
     0 | D:1      | Reached XP level 1. HP: 18/18 MP: 1/1
   127 | D:1      | Reached skill level 3 in Axes
   127 | D:1      | Gained mutation: You have a small tail. [demonic ancestry]
   127 | D:1      | Reached XP level 2. HP: 12/24 MP: 2/2
   435 | D:1      | Gained mutation: When seriously injured, your blood forms
                  | armour. (AC +6) [demonic ancestry]
   435 | D:1      | Reached XP level 3. HP: 29/29 MP: 3/3
   950 | D:2      | Noticed Terence
   966 | D:2      | Killed Terence
   967 | D:2      | Reached XP level 4. HP: 19/36 MP: 4/4
  1152 | D:2      | Reached ** piety under Trog
  1159 | D:2      | You fall into a shaft and drop 1 floor!
  2406 | D:2      | Noticed Natasha
  2412 | D:2      | Killed Natasha
  2413 | D:2      | Reached skill level 4 in Axes
  2587 | D:3      | Gained mutation: You may rarely emit foul miasma when
                  | damaged in melee. [demonic ancestry]
  2587 | D:3      | Reached XP level 5. HP: 40/42 MP: 5/5
  3131 | D:4      | Noticed an ogre
  3142 | D:4      | HP: 2/63 [ogre/+0 giant club (17)]
  3143 | D:4      | Killed an ogre
  3418 | D:4      | Reached XP level 6. HP: 32/48 MP: 6/6
  3692 | D:4      | Reached *** piety under Trog
  3999 | D:4      | Found a runed translucent gate.
  3999 | D:4      | Found a runed translucent gate.
  4011 | D:4      | Found a runed translucent gate.
  4287 | D:4      | Noticed an ice beast
  4304 | D:4      | Noticed Runnerthe2's ghost (amateur HORe)
  4304 | D:4      | Noticed an ice beast
  4395 | D:4      | Killed an ice beast
  4396 | D:4      | Reached skill level 5 in Axes
  4515 | D:4      | Killed Runnerthe2's ghost
  4516 | D:4      | Reached XP level 7. HP: 55/55 MP: 7/7
  4683 | D:4      | Reached skill level 1 in Stealth
  4779 | D:5      | Entered Level 5 of the Dungeon
  4864 | D:5      | Reached skill level 6 in Axes
  5155 | D:5      | Reached XP level 8. HP: 60/61 MP: 8/8
  5264 | D:5      | Identified the +2 robe of Ydiergh {rN+ SInv}
  5327 | D:5      | Reached skill level 5 in Armour
  5642 | D:5      | Reached skill level 5 in Fighting
  6008 | D:5      | Reached skill level 7 in Axes
  7354 | D:6      | Reached XP level 9. HP: 59/68 MP: 9/9
  7571 | D:6      | Found a staircase to the Ecumenical Temple.
  8086 | D:7      | Reached skill level 8 in Axes
  8208 | D:7      | Found a basalt altar of Yredelemnul.
  8217 | D:7      | Found a hazy altar of Hepliaklqana.
  8217 | D:7      | Found a shadowy altar of Dithmenos.
  8217 | D:7      | Found a radiant altar of Vehumet.
  8217 | D:7      | Found a shimmering altar of Xom.
  8218 | D:7      | Found a shimmering blue altar of Sif Muna.
  8222 | D:7      | Found a broken altar of Ashenzari.
  8596 | D:7      | Found a sacrificial altar of Ru.
  8662 | D:7      | Reached **** piety under Trog
  8850 | D:8      | Noticed Erica
  8861 | D:8      | Killed Erica
  8996 | D:8      | Reached skill level 9 in Axes
  9629 | D:8      | Reached XP level 10. HP: 71/77 MP: 10/10
  9866 | D:8      | Found a runed translucent door.
 10073 | D:8      | Noticed mkat's ghost (novice OpSu)
 10079 | D:8      | Identified the +11 trident of the Shore {freeze, Stlth+}
 10305 | D:8      | Killed mkat's ghost
 10307 | D:8      | Slain by a spriggan

Illustrated notes

Levels and vault maps discovered:
D:1:      minmay_arrival_four_houses, layout_rooms, st_stairs_8,
          minmay_strange_pillars, patterned_corridor
D:2:      layout_basic, hangedman_decor_push, minmay_tromino_v4_b, uniq_terence,
          uniq_natasha
D:3:      layout_basic, grunt_decor_fettered
D:4:      layout_basic, gammafunk_ghost_icy
D:5:      minmay_inner_zag, layout_loops_ring
D:6:      layout_cave_pods, mainiacjoe_overflow_big_doors,
          minmay_temple_entry_butterflies
D:7:      layout_rooms, nicolae_ru_awakened_eye, minitemple,
          minmay_misc_feat_square
D:8:      layout_basic, ebering_ghost_funeral_grove, uniq_erica

Skill      XL: |  1  2  3  4  5  6  7  8  9 10 |
---------------+-------------------------------+-----
Axes           | 3 4 5 6 7 9 |  9.6
Armour         | 2 4 6 7 |  7.7
Dodging        | 2 3 |  3.8
Fighting       | 4 5 6 7 |  7.3
Stealth        | 1 |  1.5
Throwing       | |  0.4

Action                     |  1- 3 |  4- 6 |  7- 9 | 10-12 || total
---------------------------+-------+-------+-------+-------++-------
  Melee: Hand axe          |    74 |    26 |       |       ||   100
         Tailslap          |     4 |    20 |    49 |    13 ||    86
         Punch             |     2 |     4 |     1 |     1 ||     8
         War axe           |       |   175 |   373 |    58 ||   606
  Throw: Dart              |       |     2 |       |     2 ||     4
 Invoke: Berserk           |     1 |     2 |     2 |     1 ||     6
    Use: Scroll            |     2 |       |     9 |     1 ||    12
         Potion            |       |       |     2 |     2 ||     4
   Stab: Sleeping          |     1 |       |       |       ||     1
 Armour: Animal skin       |    10 |       |       |       ||    10
         Leather armour    |     5 |       |       |       ||     5
         Chain mail        |       |   114 |   219 |    36 ||   369
         Ring mail         |       |    16 |       |       ||    16
  Dodge: Dodged            |    44 |    90 |   164 |    25 ||   323
